 Dungeon Crawl Stone Soup version 0.31.0-11-ge490571c62 (webtiles) character file.

Game seed: 4835475764842500966

55 qw the Shooter (level 3, -1/20 HPs)
             Began as a Deep Elf Hunter on Feb 4, 2024.
             Slain by Grinder (4 damage)
             ... on level 3 of the Dungeon.
             The game lasted 00:00:05 (1430 turns).

qw the Shooter (Deep Elf Hunter)                    Turns: 1430, Time: 00:00:06

Health: -1/20      AC:  3    Str: 14    XL:     3   Next: 67%
Magic:  5/5        EV: 12    Int: 13    God:
Gold:   90         SH:  0    Dex: 20    Spells: 2/2 levels left

rFire   . . .        a - +0 shortbow
rCold   . . .        (shield currently unavailable)
rNeg    . . .        c - +0 leather armour
rPois   .            (no helmet)
rElec   .            (no cloak)
rCorr   .            (no gloves)
SInv    .            (no boots)
Will    .....        (no amulet)
Stlth   ++           g - +6 ring of strength
HPRegen 0.23/turn    (no ring)
MPRegen 0.09/turn

%: no passive effects
@: about to teleport
A: no striking features
a: no special abilities


You were on level 3 of the Dungeon.
You visited 1 branch of the dungeon, and saw 3 of its levels.

You collected 90 gold pieces.


   Skills:
 - Level 1.5 Fighting
 + Level 7.2 Ranged Weapons
 - Level 2.4 Dodging
 - Level 1.2 Stealth


You had 2 spell levels left.
You didn't know any spells.
Your spell library was empty.

Inventory:

Hand Weapons
 a - a +0 shortbow (weapon)
Armour
 c - a +0 leather armour (worn)
Jewellery
 g - a +6 ring of strength (left hand)
Potions
 d - a potion of heal wounds
 j - a potion of brilliance {unknown}
 k - a potion of berserk rage {unknown}

Dungeon Overview and Level Annotations

Branches:
Dungeon (3/15)

Altars:

Annotations:
D:3 Grinder


Message History

You shoot an arrow. The arrow hits the kobold.
The kobold is severely wounded.
The kobold misses you.
You shoot an arrow. The arrow barely misses the kobold.
The kobold hits you but does no damage.
You shoot an arrow. The arrow hits the kobold.
You kill the kobold!
A ball python comes into view.
Found 24 gold pieces.
You shoot an arrow. The arrow hits the ball python.
You kill the ball python!
A bat comes into view.
You shoot an arrow. The arrow hits the bat!
You kill the bat!
Grinder comes into view.
Grinder shouts!
You shoot an arrow.
The arrow hits Grinder but does no damage.
Grinder says, "DUCK!"
Grinder blinks!
You shoot an arrow. The arrow closely misses Grinder.
You shoot an arrow. The arrow hits Grinder.
Grinder is lightly wounded.
You shoot an arrow.
The arrow hits Grinder but does no damage.
Grinder is lightly wounded.
Grinder gestures at you. Pain shoots through your body!
Grinder barely misses you.
You shoot an arrow. The arrow hits Grinder.
Grinder is lightly wounded.
Grinder misses you.
You shoot an arrow. The arrow closely misses Grinder.
Grinder gestures at you. Pain shoots through your body!
1430 ||| READING scroll of teleportation.
As you read the scroll of teleportation, it crumbles to dust.
You feel strangely unstable. Grinder hits you.
You die...
Grinder sighs, "Dead already?
I want a refund."

#.##..........#.#
######.##............#
#....<...####...###.#
#.......)# ##).##..#
#........# ##.....#
#.......[####....#.##
#........#..........#
#...#...###.##..........
...###..##..
#@5......... .## .>.# .
#$............
...............
.$..............
.......#.........$
.....%.##........
##.#### ..[...# ..
.##.##


You could see Grinder.

Vanquished Creatures
  An adder (D:2)
  2 dart slugs
  A ribbon worm (D:2)
  5 ball pythons
  2 endoplasms
  5 giant cockroaches
  4 goblins
  4 hobgoblins
  A quokka (D:1)
  3 bats
  2 frilled lizards (D:1)
  4 kobolds
  4 rats
38 creatures vanquished.

Notes
Turn   | Place    | Note
-------+----------+-------------------------------------------
     0 | D:1      | qw the Deep Elf Hunter began the quest for the Orb.
     0 | D:1      | Reached XP level 1. HP: 12/12 MP: 3/3
     0 | D:1      | 0 ||| qw: Version: 0.3-a-160-g6735b56
     0 | D:1      | 0 ||| qw: Game counter: 4669
     0 | D:1      | 0 ||| qw: Melee chars always use a shield: true
     0 | D:1      | 0 ||| qw: God list: Okawaru
     0 | D:1      | 0 ||| qw: Allow faded altars: false
     0 | D:1      | 0 ||| qw: Do Orc after clearing Dungeon:15 true
     0 | D:1      | 0 ||| qw: Do second Lair branch before Depths: true
     0 | D:1      | 0 ||| qw: Lair rune preference: random
     0 | D:1      | 0 ||| qw: Goals: Normal
     0 | D:1      | 0 ||| PLANNING D:1-11
   315 | D:1      | Reached XP level 2. HP: 16/16 MP: 4/4
   328 | D:1      | Reached skill level 6 in Ranged Weapons
   527 | D:1      | You fall into a shaft and drop 1 floor!
   561 | D:2      | 561 ||| UPGRADING to +6 ring of strength.
   564 | D:2      | 564 ||| READING scroll labelled TULEDE COIWE.
   565 | D:2      | 565 ||| READING scroll labelled SEOLUQ GAFURA.
   566 | D:2      | 566 ||| DROPPING scroll of butterflies.
   685 | D:2      | 685 ||| STAIRDANCE
   700 | D:2      | 700 ||| STAIRDANCE
   708 | D:2      | 708 ||| STAIRDANCE
   718 | D:2      | Reached XP level 3. HP: 8/20 MP: 5/5
  1045 | D:2      | Reached skill level 7 in Ranged Weapons
  1330 | D:2      | 1330 ||| READING scroll labelled KIWKOICUS KYUTIOH.
  1367 | D:2      | 1367 ||| READING scroll labelled XICELADUENN.
  1368 | D:2      | 1368 ||| READING 2 scrolls labelled ERETHR WOUPS.
  1368 | D:2      | 1368 ||| IDENTIFYING brown potion
  1369 | D:2      | 1369 ||| READING scroll of identify.
  1369 | D:2      | 1369 ||| IDENTIFYING lumpy clear potion
  1370 | D:2      | 1370 ||| READING 2 scrolls labelled REAGEYDW YROFA.
  1373 | D:2      | 1373 ||| DROPPING potion of degeneration.
  1423 | D:3      | Noticed Grinder
  1429 | D:3      | HP: 3/20 [Grinder/nerve-wracking pain (9)]
  1430 | D:3      | 1430 ||| READING scroll of teleportation.
  1430 | D:3      | Slain by Grinder

Levels and vault maps discovered:
D:1:      pf_arrival_petrified_forest, layout_loops_ring, minmay_misc_feat_room,
          minmay_statues_item, grunt_decor_fettered
D:2:      layout_loops_ring
D:3:      layout_rooms, mainiacjoe_overflow_cross_hatched,
          ashenzari_conservatory_becter, uniq_grinder

Skill      XL: |  1  2  3 |
---------------+----------+-----
Ranged Weapons | 6 7 |  7.2
Fighting       | |  1.5
Dodging        | |  2.4
Stealth        | |  1.2

Action                     || total
---------------------------++-------
   Fire: Shortbow          ||   105
    Use: Scroll            ||     8
 Armour: Leather armour    ||    23
  Dodge: Dodged            ||    36

Table legend:
 A = Non-vault XP
 B = Vault XP
 C = Vault XP percentage of total XP
 D = Non-vault monster count
 E = Vault monster count
 F = Vault count percentage of total count
                 A         B        C        D         E       F
            +---------+---------+-------+---------+---------+-------
      Total |      79 |       0 |   0.0 |      38 |       0 |   0.0
            +---------+---------+-------+---------+---------+-------
        D:1 |      26 |       0 |   0.0 |      17 |       0 |   0.0
        D:2 |      47 |       0 |   0.0 |      17 |       0 |   0.0
        D:3 |       6 |       0 |   0.0 |       4 |       0 |   0.0
            +---------+---------+-------+---------+---------+-------
